 Dungeon Crawl Stone Soup version 0.22-a0-299-g43f9854 (webtiles) character file.

92 tilp the Chiller (level 4, -3/30 HPs)
             Began as a Merfolk Ice Elementalist on Mar 25, 2018.
             Slain by a water moccasin zombie (5 damage)
             ... on level 3 of the Dungeon.
             The game lasted 00:07:00 (2770 turns).

tilp the Chiller (Merfolk Ice Elementalist)         Turns: 2770, Time: 00:07:01

Health: -3/30      AC:  2    Str:  8    XL:     4   Next: 60%
Magic:  7/7        EV: 13    Int: 15    God:
Gold:   159        SH:  0    Dex: 14    Spells: 1/7 levels left

rFire    . . .     SeeInvis .   a - +0 spear
rCold    . . .     Gourm    .   (no shield)
rNeg     . . .     Faith    .   d - +0 robe
rPois    .         Spirit   .   (no helmet)
rElec    .         Reflect  .   (no cloak)
rCorr    .         Harm     .   (no gloves)
MR       .....                  (no boots)
Stlth    ++........             (no amulet)
HPRegen  0.10/turn              (no ring)
MPRegen  0.10/turn              (no ring)

@: no status effects
A: change form in water, swift swim, stealthy swim
a: no special abilities


You were on level 3 of the Dungeon.
You were not hungry.

You visited 1 branch of the dungeon, and saw 3 of its levels.

You collected 159 gold pieces.

Inventory:

Hand Weapons
 a - a +0 spear (weapon)
 b - a +0 hunting sling
Missiles
 f - 63 stones (quivered)
Armour
 d - a +0 robe (worn)
 e - a cursed +0 scale mail
Jewellery
 n - a +5 ring of strength {unknown}
Scrolls
 g - 2 scrolls of teleportation {unknown}
 j - 3 scrolls of blinking {unknown}
 m - 2 scrolls of identify {unknown}
 o - a scroll of noise {unknown}
Potions
 h - 2 potions of heal wounds {unknown}
 i - a potion of degeneration {unknown}
 k - a potion of lignification {unknown}
Comestibles
 c - 2 rations
 l - 3 chunks of flesh


   Skills:
 - Level 2.6 Dodging
 - Level 2.1 Stealth
 - Level 2.0 Spellcasting
 - Level 0.7 Conjurations
 + Level 5.7 Ice Magic


You had one spell level left.
You knew the following spells:

 Your Spells              Type           Power        Failure   Level  Hunger
a - Freeze                Ice            ###.         1%          1    #......
b - Throw Frost           Conj/Ice       ##....       9%          2    ###....
c - Ozocubu's Armour      Chrm/Ice       ##......     21%         3    ###....


Dungeon Overview and Level Annotations

Branches:
Dungeon (3/15)

Altars:
Gozag


Message History

The stone hits the water moccasin zombie.
The water moccasin zombie is severely damaged.
The water moccasin zombie closely misses you.
Firing (i - inventory)
f - 64 stones (quivered)
Press: ? - help, Shift-Dir - straight line, f/p - water moccasin zombie
Aim: a water moccasin zombie (severely damaged)
You shoot a stone.
The stone barely misses the water moccasin zombie.
The water moccasin zombie bites you. x2
a - a +0 spear (weapon)
You barely miss the water moccasin zombie.
The water moccasin zombie is severely damaged.
The water moccasin zombie misses you.
The water moccasin zombie barely misses you.
You hit the water moccasin zombie.
The water moccasin zombie is almost destroyed.
The water moccasin zombie bites you!
* * * LOW HITPOINT WARNING * * *
The water moccasin zombie bites you.
You die...

########## #........#
#..<.....#
r##############........#
...!.((((((.>..Z@<.....#
....#..#####..........#
..............#........#
≈≈≈..≈P≈......##########
≈≈≈≈≈≈≈≈≈≈≈####
≈≈≈≈≈≈≈≈≈≈≈≈≈
≈≈≈≈≈≈≈≈≈≈≈≈≈≈≈
P≈≈≈P≈≈≈≈≈≈≈≈≈≈≈#
%.≈.....≈.#######


You could see a water moccasin zombie.

Vanquished Creatures
  4 adders (D:2)
  An ooze (D:1)
  2 worms
  A dart slug (D:1)
  A leopard gecko (D:1)
  3 bats (D:1)
  2 giant cockroaches
  10 goblins
  5 hobgoblins
  2 jackals (D:2)
  6 kobolds
  7 rats
44 creatures vanquished.

Notes
Turn   | Place    | Note
-------+----------+-------------------------------------------
     0 | D:1      | tilp the Merfolk Ice Elementalist began the quest for the Orb.
     0 | D:1      | Reached XP level 1. HP: 13/13 MP: 3/3
   387 | D:1      | Reached XP level 2. HP: 19/19 MP: 3/5
   389 | D:1      | Reached skill level 4 in Ice Magic
   401 | D:1      | Learned a level 2 spell: Throw Frost
   716 | D:1      | Reached XP level 3. HP: 18/24 MP: 4/6
   934 | D:1      | Learned a level 3 spell: Ozocubu's Armour
  1487 | D:2      | Found a faded altar of an unknown god.
  1636 | D:2      | Noticed a bullfrog
  1736 | D:2      | Reached skill level 5 in Ice Magic
  1935 | D:2      | Reached XP level 4. HP: 26/30 MP: 2/7
  2538 | D:2      | Found an opulent altar of Gozag.
  2767 | D:3      | HP: 1/30 [water moccasin zombie (8)]
  2770 | D:3      | Slain by a water moccasin zombie

Vault maps used:
D:1:      giann_forest_graveyard, minmay_misc_feat_nine_boxes, minmay_cut_off
D:2:      wad_pebble_path, lemuel_round_altar, chequers_ecumenical_altar_simple,
          lightli_corner_chamber
D:3:      nicolae_qazlal_style_of_elements, first_ration, chequers_big_river,
          minmay_misc_feat_enclosed, uniq_robin

Skill      XL: |  1  2  3 |
---------------+----------+-----
Ice Magic      | 4 5 |  5.7
Dodging        | |  2.6
Stealth        | |  2.1
Spellcasting   | |  2.0
Conjurations   | |  0.7

Action                   |  1- 3 |  4- 6 || total
-------------------------+-------+-------++-------
Melee: Spear             |    34 |     7 ||    41
 Fire: Hunting sling     |       |    18 ||    18
Throw: Stone             |       |    13 ||    13
 Cast: Freeze            |    40 |    22 ||    62
       Ozocubu's Armour  |     1 |       ||     1
       Throw Frost       |       |     1 ||     1
 Stab: Sleeping          |     8 |       ||     8
  Eat: Chunk             |     4 |     3 ||     7
Armor: Robe              |     6 |     2 ||     8
Dodge: Dodged            |    35 |     7 ||    42

Table legend:
 A = Spawn XP
 B = Non-spawn XP
 C = Spawn XP percentage of total XP
 D = Spawn monster count
 E = Non-spawn monster count
 F = Spawn count percentage of total count
 G = Total turns spent on level
                    A         B        C        D         E        F      G
               +---------+---------+-------+---------+---------+-------+---------
         Total |       0 |     132 |   0.0 |       0 |      44 |   0.0 |  2770
               +---------+---------+-------+---------+---------+-------+---------
           D:1 |       0 |      39 |   0.0 |       0 |      19 |   0.0 |  1196
           D:2 |       0 |      87 |   0.0 |       0 |      23 |   0.0 |  1487
           D:3 |       0 |       6 |   0.0 |       0 |       2 |   0.0 |    87
               +---------+---------+-------+---------+---------+-------+---------
